 Dungeon Crawl Stone Soup version 0.31-a0-431-g88bdf31460 (webtiles) character file.

Game seed: 12727158142993660861

77 randomguy2701 the Covered (level 4, -4/40 HPs)
             Began as a Minotaur Fighter on July 31, 2023.
             Slain by a gnoll
             ... wielding a +0 flail of distortion
              (24 damage)
             ... on level 3 of the Dungeon.
             The game lasted 00:01:53 (1912 turns).

randomguy2701 the Covered (Minotaur Fighter)        Turns: 1912, Time: 00:01:54

Health: -4/40      AC:  7    Str: 21    XL:     4   Next: 14%
Magic:  3/3        EV:  9    Int:  5    God:
Gold:   120        SH:  4    Dex: 11    Spells: 3/3 levels left

rFire   . . .        a - +0 war axe
rCold   . . .        c - +0 buckler
rNeg    . . .        b - +0 scale mail
rPois   .            (helmet restricted)
rElec   .            (no cloak)
rCorr   .            (no gloves)
SInv    .            (no boots)
Will    .....        (no amulet) Stlth
                     (no ring)
HPRegen 0.26/turn    (no ring)
MPRegen 0.08/turn

%: no passive effects
@: no status effects
A: horns 2, retaliatory headbutt
a: no special abilities


You were on level 3 of the Dungeon.
You visited 1 branch of the dungeon, and saw 3 of its levels.

You collected 120 gold pieces.

Inventory:

Hand Weapons
 a - a +0 war axe (weapon)
Armour
 b - a +0 scale mail (worn)
 c - a +0 buckler (worn)
Jewellery
 i - a ring of poison resistance
Wands
 m - a wand of paralysis (7)
Scrolls
 g - 3 scrolls of identify {unknown}
 h - a scroll of fog {unknown}
 l - a scroll of butterflies {unknown}
Potions
 d - a potion of might
 e - a potion of curing {unknown}
 f - 2 potions of lignification {unknown}
 j - a potion of ambrosia {unknown}
 k - a potion of haste {unknown}


   Skills:
 + Level 4.0 Fighting
 + Level 3.6 Axes
 + Level 4.3 Armour
 + Level 0.9 Dodging
 + Level 4.2 Shields


You had 3 spell levels left.
You didn't know any spells.
Your spell library was empty.

Dungeon Overview and Level Annotations

Branches:
Dungeon (3/15)

Altars:

Shops:
D:2 :


Innate Abilities, Weirdness & Mutations

You have a pair of horns on your head.
You reflexively headbutt those who attack you in melee.


Message History

You kill the goblin!
No target in view!
Things that are here:
a +0 club; a goblin corpse A gnoll is nearby!
You see here the +3 flail of Fedhas's Inspiration {pain, rPois rF+ rN++}.
The gnoll hits you with a +0 club.
You hit the gnoll. You headbutt the gnoll!
You kill the gnoll!
You have reached level 4!
You feel stronger.
Things that are here:
a +0 club; a gnoll corpse The gnoll hits you from afar with a +0 halberd!
The gnoll shouts!
The gnoll hits you with a +0 halberd!
You are too injured to fight recklessly!
You are too injured to fight recklessly!
You slash the gnoll!
You kill the gnoll!
Things that are here:
a +0 club; a gnoll corpse
Found a twisted runed staff.
There is a stone staircase leading up here.
You climb upwards.
There is a stone staircase leading down here.
HP restored.
Done exploring.
You climb downwards.
The gnoll hits you with a +0 flail of distortion.
Space warps horribly around you!
There is a stone staircase leading up here.
You closely miss the gnoll.
The gnoll hits you with a +0 flail of distortion.
Space warps around you. The gnoll closely misses you.
You closely miss the gnoll.
The gnoll hits you with a +0 flail of distortion.
Space warps horribly around you!!
Ouch! That really hurt!
You die...

........#.........
#...##...##.##......
#... #...##.........
....+...##..##.....
#..#...##..# #...
#..........###...
#.............#
#...g...........
#.#.>@##..######
##..##..# .........#
####..#..## #.|#..#
#..#### .... #...


You could see a gnoll.

Vanquished Creatures
  2 gnolls (D:3)
  An adder (D:3)
  A worm (D:2)
  A dart slug (D:3)
  3 ball pythons
  6 bats
  2 endoplasms
  3 giant cockroaches (D:2)
  7 goblins
  4 hobgoblins
  4 jackals (D:2)
  A quokka (D:1)
  5 frilled lizards
  A kobold (D:2)
  3 rats
44 creatures vanquished.

Notes
Turn   | Place    | Note
-------+----------+-------------------------------------------
     0 | D:1      | randomguy2701 the Minotaur Fighter began the quest for the
                  | Orb.
     0 | D:1      | Reached XP level 1. HP: 19/19 MP: 0/0
   282 | D:1      | Reached XP level 2. HP: 27/27 MP: 1/1
   918 | D:2      | Found Ukhliphuss's Book Shoppe.
  1023 | D:2      | Reached XP level 3. HP: 33/33 MP: 2/2
  1107 | D:2      | Found a faded altar of an unknown god.
  1809 | D:3      | Identified the +3 flail of Fedhas's Inspiration {pain,
                  | rPois rF+ rN++}
  1813 | D:3      | Reached XP level 4. HP: 37/40 MP: 3/3
  1912 | D:3      | Slain by a gnoll

Illustrated notes

Levels and vault maps discovered:
D:1:      shiori_arrival_maze, layout_loops_ring, grunt_decor_junction
D:2:      layout_loops_corners, hellmonk_ecumenical_altar_blasted, serial_shops,
          nicolae_shop_tiny_glass
D:3:      layout_basic, minmay_rat_hole

Skill      XL: |  1  2  3 |
---------------+----------+-----
Armour         | 4 |  4.3
Shields        | 4 |  4.2
Axes           | 3 |  3.6
Fighting       | 4 |  4.0
Dodging        | |  0.9

Action                     |  1- 3 |  4- 6 || total
---------------------------+-------+-------++-------
  Melee: War axe           |    99 |     3 ||   102
         Headbutt          |    10 |       ||    10
 Armour: Scale mail        |    69 |       ||    69
  Dodge: Dodged            |    74 |     1 ||    75
  Block: Buckler           |    22 |       ||    22

Table legend: (Time is in decaauts)
 A = Elapsed time spent in this place.
 B = Non-inter-level travel time spent in this place.
 C = Inter-level travel time spent in this place.
 D = Time resting spent in this place.
 E = Time spent auto-exploring this place.
 F = Levels seen in this place.
 G = Mean time per level.
                   A        B        C        D        E       F      G
               +--------+--------+--------+--------+--------+-----+--------+
         Total |   1951 |   1881 |     70 |      0 |   1544 |   3 |  650.3 |
       Dungeon |   1951 |   1881 |     70 |      0 |   1544 |   3 |  650.3 |
               +--------+--------+--------+--------+--------+-----+--------+

Top non-repeatable levels by time:
     D:2: 851 daAuts
     D:1: 655 daAuts
     D:3: 443 daAuts
